 Dungeon Crawl Stone Soup version 0.21-a0-509-gecc5317 (webtiles) character file.

12 BingusPrime the Sneak (level 2, 0/13 HPs)
             Began as a Vine Stalker Enchanter on Nov 28, 2017.
             Slain by a jackal (1 damage)
             ... on level 1 of the Dungeon.
             The game lasted 00:03:55 (442 turns).

BingusPrime the Sneak (Vine Stalker Enchanter)       Turns: 442, Time: 00:03:56

Health: 0/13       AC:  2    Str: 10    XL:     2   Next: 33%
Magic:  0/6        EV: 12    Int: 15    God:
Gold:   4          SH:  0    Dex: 14    Spells: 2/5 levels left

rFire    . . .     SeeInvis .   a - +1 dagger
rCold    . . .     Gourm    .   (no shield)
rNeg     . . .     Faith    .   b - +0 robe
rPois    .         Spirit   +   (no helmet)
rElec    .         Reflect  .   (no cloak)
rCorr    .         Harm     .   (no gloves)
MR       .....                  (no boots)
Stlth    +++.......             (no amulet)
HPRegen  0.04/turn              (no ring)
MPRegen  0.10/turn              (no ring)

@: very slightly contaminated
A: fangs 2, magic shield, antimagic bite, no potion heal 3, rot immunity
a: no special abilities


You were on level 1 of the Dungeon.
You were not hungry.

You visited 1 branch of the dungeon, and saw 1 of its levels.

You collected 4 gold pieces.

Inventory:

Hand Weapons
 a - a +1 dagger (weapon)
 m - a cursed +0 dagger
Armour
 b - a +0 robe (worn)
Scrolls
 g - 2 scrolls of identify {unknown}
 h - a scroll of remove curse {unknown}
 i - a scroll of magic mapping {unknown}
 k - a scroll of fog {unknown}
Potions
 e - 4 potions of curing {unknown}
 j - a potion of flight {unknown}
 l - a potion of brilliance {unknown}
Books
 c - a book of Maledictions

   Spells                             Type                      Level
   a - Corona                         Hexes                        1
   b - Ensorcelled Hibernation        Hexes/Ice                    2
   c - Confuse                        Hexes                        3
   d - Tukima's Dance                 Hexes                        3
   e - Dazzling Spray                 Conjuration/Hexes            3
Comestibles
 d - a bread ration
 f - a royal jelly


   Skills:
 + Level 0.8 Short Blades
 + Level 1.7 Dodging
 + Level 3.8 Stealth
 + Level 2.4 Spellcasting
 + Level 3.2 Hexes


You had 2 spell levels left.
You knew the following spells:

 Your Spells              Type           Power        Failure   Level  Hunger
a - Corona                Hex            ##.....      5%          1    #......
b - Ensorcelled Hibernat  Hex/Ice        #.....       17%         2    ###....


Dungeon Overview and Level Annotations

Branches:
Dungeon (1/15)

Altars:


Innate Abilities, Weirdness & Mutations

You have extremely sharp teeth.
When hurt, damage is shared between your health and your magic reserves.
Your bite disrupts and absorbs the magic of your enemies.
Potions cannot restore your health.
You are immune to rotting.


Message History

The jackal is almost dead.
The jackal bites you. The jackal barely misses you. The jackal bites you.
You hit the jackal but do no damage.
The jackal is almost dead.
The jackal bites you. x2
* * * LOW HITPOINT WARNING * * *
The jackal bites you.
* * * LOW HITPOINT WARNING * * *
You hit the jackal.
You kill the jackal!
The jackal barely misses you. The jackal closely misses you.
The jackal bites you but does no damage.
You see here a jackal corpse.
Casting: Ensorcelled Hibernation
Confirm with . or Enter, or press ? or * to list all spells.
You don't have enough magic to cast that spell.
The jackal closely misses you.
Found 17 gold pieces.
The jackal bites you.
You die...

##### #####.#.#
#.....#.# #.###.#.#
#.# #...# #
########.#########$..#
###.........†.hh@....#
..#........###########
#.#...............
..########.#######
##########.#.....
..................
...#######......#.
##.# #........ ##.#
........w


You could see 2 jackals.

Vanquished Creatures
  A ball python (D:1)
  A bat (D:1)
  A giant cockroach (D:1)
  2 goblins (D:1)
  A jackal (D:1)
  3 kobolds (D:1)
  A rat (D:1)
10 creatures vanquished.

Notes
Turn   | Place    | Note
-------+----------+-------------------------------------------
     0 | D:1      | BingusPrime the Vine Stalker Enchanter began the quest for the Orb.
     0 | D:1      | Reached XP level 1. HP: 9/9 MP: 4/4
   272 | D:1      | Reached XP level 2. HP: 11/13 MP: 4/6
   301 | D:1      | Learned a level 2 spell: Ensorcelled Hibernation
   442 | D:1      | Slain by a jackal

Vault maps used:
D:1:      dpeg_arrival_round_a

Action                   || total
-------------------------++-------
Melee: Dagger            ||    38
       Bite              ||     8
 Cast: Corona            ||    11
       Ensorcelled Hiber ||     3
 Stab: Sleeping          ||     2
Armor: Robe              ||     4
Dodge: Dodged            ||    33

Table legend:
 A = Spawn XP
 B = Non-spawn XP
 C = Spawn XP percentage of total XP
 D = Spawn monster count
 E = Non-spawn monster count
 F = Spawn count percentage of total count
 G = Total turns spent on level
                    A         B        C        D         E        F      G
               +---------+---------+-------+---------+---------+-------+---------
         Total |       0 |      18 |   0.0 |       0 |      10 |   0.0 |   442
               +---------+---------+-------+---------+---------+-------+---------
           D:1 |       0 |      18 |   0.0 |       0 |      10 |   0.0 |   442
               +---------+---------+-------+---------+---------+-------+---------
